 Dungeon Crawl Stone Soup version 0.25-a0-576-g50b708a4c4 (webtiles) character file.

Game seed: 6291606753095522951, levelgen mode: deterministic

4265 Flugslaktarn the Cleaver (level 10, -4/91 HPs)
             Began as a Deep Dwarf Fighter on Mar 1, 2020.
             Was a Priest of Makhleb.
             Slain by a death yak (13 damage)
             ... on level 10 of the Dungeon.
             The game lasted 00:03:48 (5120 turns).

Flugslaktarn the Cleaver (Deep Dwarf Fighter)       Turns: 5120, Time: 00:03:48

Health: -4/91      AC: 15    Str: 23    XL:     10   Next: 10%
Magic:  8/8        EV:  6    Int:  9    God:    Makhleb [***...]
Gold:   322        SH: 11    Dex: 12    Spells: 9/9 levels left

rFire    . . .     SeeInvis .   a - -2 broad axe
rCold    . . .     Gourm    .   c - +0 kite shield
rNeg     . . .     Faith    .   k - +0 chain mail
rPois    .         Spirit   .   (no helmet)
rElec    .         Reflect  .   y - +0 cloak
rCorr    .         Harm     .   (no gloves)
MR       +....                  i - +2 pair of boots
Stlth    ..........             o - amulet of rage
HPRegen  0.00/turn              (no ring)
MPRegen  0.11/turn              (no ring)

@: non-regenerating
A: damage resistance, heal wounds, sense surroundings 2, no regeneration
a: Heal Wounds, Minor Destruction, Lesser Servant of Makhleb, Renounce Religion,
Evoke Berserk Rage


You were on level 10 of the Dungeon.
You worshipped Makhleb.
Makhleb was most pleased with you.
You were not hungry.

You visited 2 branches of the dungeon, and saw 11 of its levels.
You also visited: Sewer.

You collected 475 gold pieces.
You spent 153 gold pieces at shops.

Inventory:

Hand Weapons
 a - a -2 broad axe (weapon)
   (You bought it in a shop on level 6 of the Dungeon)
Armour
 b - a +0 scale mail
 c - a +0 kite shield (worn)
 i - a +2 pair of boots (worn)
   (You found it on level 5 of the Dungeon)
 k - a +0 chain mail (worn)
   (You took it off an orc priest on level 3 of the Dungeon)
 l - a +0 plate armour
   (You found it on level 3 of the Dungeon)
 y - a +0 cloak (worn)
   (You found it on level 9 of the Dungeon)
Jewellery
 o - an amulet of rage (around neck)
   (You found it on level 6 of the Dungeon)
 u - a cursed ring of stealth {unknown}
   (You found it on level 8 of the Dungeon)
 x - an uncursed ring of flight {unknown}
   (You found it on level 9 of the Dungeon)
Wands
 g - a wand of acid (4)
   (You found it on level 6 of the Dungeon)
Scrolls
 h - a scroll of magic mapping
 r - 3 scrolls of identify
 t - a scroll of enchant weapon
 v - a scroll of immolation {unknown}
 w - 2 scrolls of remove curse
Potions
 d - 2 potions of might
 f - a potion of lignification {unknown}
 m - a potion of magic {unknown}
 n - 2 potions of ambrosia
 p - 2 potions of haste {unknown}
 q - 4 potions of curing
 s - a potion of berserk rage
 z - a potion of flight {unknown}
Comestibles
 e - 14 rations
 j - 6 chunks of flesh


   Skills:
 + Level 6.2 Fighting
 * Level 9.8 Axes
 + Level 7.4 Armour
 + Level 7.4 Shields
 + Level 6.8 Invocations


You had 9 spell levels left.
You didn't know any spells.
Your spell library was empty.

Dungeon Overview and Level Annotations

Branches:
Dungeon (10/15)            Temple (1/1) D:4            Lair (0/6) D:10
    Orc (0/2) D:9           Sewer (visited)

Altars:
Ashenzari
Cheibriados
Dithmenos
Elyvilon
Fedhas
Gozag
Hepliaklqana
Kikubaaqudgha
Makhleb
Nemelex Xobeh
Qazlal
Ru
Sif Muna
Trog
Uskayaw
Vehumet
Wu Jian
Xom
Yredelemnul
Zin
The Shining One

Shops:
D:4 :   D:6 [**%(


Innate Abilities, Weirdness & Mutations

You are resistant to damage.
You can heal yourself by infusing magical energy.
You passively map the area around you.
You do not regenerate.


Message History

You block the death yak's attack.
The hippogriff bites you but does no damage.
The hippogriff pecks you but does no damage.
The hippogriff claws you but does no damage.
The death yak gores you!!
* * * LOW HITPOINT WARNING * * *
You are too injured to fight recklessly!
You are too injured to fight recklessly!
You are too injured to fight recklessly!
You feel much better.
The water moccasin skeleton bites you but does no damage.
The death yak gores you!
* * * LOW HITPOINT WARNING * * *
The death yak gores you but does no damage.
The hippogriff bites you!
* * * LOW HITPOINT WARNING * * *
The hippogriff pecks you.
* * * LOW HITPOINT WARNING * * *
You block the hippogriff's attack. The death yak gores you!
You die...

##....., , , ,
...... , ,, , ,
..... ,, , *
,...# ,, , ,
#####..# , , , ,
* #......##
###,,
*##.....<.##....
, * ,
#......Z.......
.......@Y......
, *,
......HYY......
, *
.......YY......
,,, , , ,
#..............
, ,
..#.....Y...#..
, *
...#...........
#.##.........>.
, ,
##*##.##.......
, ,, , ,,,, , *,


You could see 6 death yaks, a hippogriff and a water moccasin skeleton.

Vanquished Creatures
  A two-headed ogre (D:9)
  Joseph (D:8)
  Grinder (D:3)
  2 black bears
  2 ice beasts
  4 orc warriors
  A sky beast (D:3)
  A necrophage (D:9)
  3 ogres
  3 centaurs
  Blork the orc (D:5)
  3 bullfrogs
  3 scorpions
  A killer bee (D:9)
  A wight (D:6)
  A howler monkey (D:7)
  A crimson imp (D:8)
  3 jellies
  6 orc priests
  6 hounds
  5 orc wizards
  An iguana (D:9)
  A bullfrog skeleton (D:5)
  8 worker ants
  A worker ant zombie (D:5)
  2 howler monkey skeletons
  5 gnolls
  11 adders
  4 shadow imps
  An ooze (D:6)
  5 adder skeletons
  2 worms (D:5)
  3 dart slugs (D:1)
  4 leopard geckos
  27 orcs
  A ball python (D:5)
  A bat (D:3)
  7 giant cockroaches
  3 goblins
  3 hobgoblins
  4 jackals (D:5)
  3 quokkas
  2 frilled lizards
  A jackal skeleton (D:4)
  A jackal zombie (D:8)
  3 kobolds
  A leopard gecko zombie (D:7)
  6 rats
161 creatures vanquished.

Notes
Turn   | Place    | Note
-------+----------+-------------------------------------------
     0 | D:1      | Flugslaktarn the Deep Dwarf Fighter began the quest for the
                  | Orb.
     0 | D:1      | Reached XP level 1. HP: 20/20 MP: 1/1
    12 | D:1      | Reached XP level 2. HP: 27/27 MP: 2/2
   115 | D:2      | Reached skill level 3 in Axes
   115 | D:2      | Reached XP level 3. HP: 32/34 MP: 3/3
   219 | D:3      | Noticed a sky beast
   242 | D:3      | Killed a sky beast
   242 | D:3      | Reached skill level 4 in Axes
   242 | D:3      | Reached XP level 4. HP: 19/42 MP: 4/4
   247 | D:3      | Reached XP level 5. HP: 22/49 MP: 5/5
   365 | D:3      | Found a radiant altar of Vehumet.
   373 | D:3      | Noticed Grinder
   376 | D:3      | Paralysed by Grinder for 7 turns
   396 | D:3      | Paralysed by Grinder for 6 turns
   406 | D:3      | Paralysed by Grinder for 4 turns
   420 | D:3      | Paralysed by Grinder for 3 turns
   436 | D:3      | Killed Grinder
   436 | D:3      | Reached skill level 5 in Axes
   436 | D:3      | Reached XP level 6. HP: 51/57 MP: 4/4
   470 | D:3      | Found a stormy altar of Qazlal.
   505 | D:4      | Found a glowing drain.
   532 | Sewer    | Entered a sewer
   591 | D:4      | Found a staircase to the Ecumenical Temple.
   686 | Temple   | Entered the Ecumenical Temple
   892 | Temple   | Became a worshipper of Makhleb the Destroyer
  1081 | D:4      | Found Vuojeiblo's Book Emporium.
  1364 | D:5      | Entered Level 5 of the Dungeon
  1379 | D:5      | Reached skill level 1 in Invocations
  1379 | D:5      | Reached XP level 7. HP: 39/64 MP: 5/5
  1486 | D:5      | Reached skill level 5 in Armour
  1514 | D:5      | Reached skill level 5 in Shields
  1543 | D:5      | Noticed Blork the orc
  1561 | D:5      | Killed Blork the orc
  1561 | D:5      | Reached skill level 6 in Axes
  1742 | D:5      | Reached * piety under Makhleb
  2044 | D:5      | Found a snail-covered altar of Cheibriados.
  2145 | D:5      | Reached XP level 8. HP: 44/73 MP: 6/6
  2158 | D:5      | Found a shadowy altar of Dithmenos.
  2294 | D:6      | Found Xymacky's Assorted Antiques.
  2305 | D:6      | Bought a scroll labeled ROUZ OC UF VOB for 24 gold pieces
  2305 | D:6      | Bought a grey potion for 21 gold pieces
  2348 | D:6      | Found Yfofia's General Store.
  2389 | D:6      | Found Ymaciw's Antique Armour Boutique.
  2448 | D:6      | Found Ibinou's Food Boutique.
  2525 | D:6      | Reached skill level 7 in Axes
  2581 | D:6      | Found Efueppan's Antique Weapon Boutique.
  2589 | D:6      | Bought a broad axe for 108 gold pieces
  3049 | D:7      | Reached ** piety under Makhleb
  3049 | D:7      | Reached skill level 5 in Fighting
  3323 | D:7      | Found a blossoming altar of Fedhas.
  3323 | D:7      | Found a sparkling altar of Nemelex Xobeh.
  3324 | D:7      | Found a glowing silver altar of Zin.
  3324 | D:7      | Found a glowing golden altar of the Shining One.
  3529 | D:8      | Reached skill level 8 in Axes
  3529 | D:8      | Gained mutation: You passively map the area around you.
                  | [Deep Dwarf growth]
  3529 | D:8      | Reached XP level 9. HP: 81/81 MP: 7/7
  3732 | D:8      | Noticed Joseph
  3755 | D:8      | Killed Joseph
  3755 | D:8      | Reached skill level 5 in Invocations
  4275 | D:9      | Reached skill level 9 in Axes
  4552 | D:9      | Found a staircase to the Orcish Mines.
  4566 | D:9      | Found an opulent altar of Gozag.
  4615 | D:9      | Reached *** piety under Makhleb
  4937 | D:9      | Noticed a two-headed ogre
  4950 | D:9      | Killed a two-headed ogre
  4950 | D:9      | Reached XP level 10. HP: 34/91 MP: 6/8
  5110 | D:10     | Entered Level 10 of the Dungeon
  5110 | D:10     | Noticed a death yak
  5111 | D:10     | Found a staircase to the Lair.
  5111 | D:10     | Noticed a death yak
  5112 | D:10     | Noticed a death yak
  5114 | D:10     | Noticed a death yak
  5115 | D:10     | Noticed a death yak
  5118 | D:10     | Noticed a death yak
  5119 | D:10     | HP: 4/91 [death yak (18)]
  5120 | D:10     | Slain by a death yak

Levels and vault maps discovered:
D:1:      tarquinn_simple_flora_water_c, layout_basic, hangedman_decor_opposing,
          minmay_misc_feat_encased, minmay_worlds_worst_comb
D:2:      layout_basic, chequers_serial_rivers_micro_d, st_stairs_10
D:3:      layout_basic, okawaru_ov_weapons_minmay, fiery_altar_vehumet,
          nicolae_qazlal_eye_of_the_storm, uniq_grinder, uniq_robin
D:4:      layout_loops_ring, minmay_temple_entry_statues_pillars, serial_shops,
          nicolae_shop_crystal, gup_sewer_entry_glass
D:5:      layout_basic, nicolae_dithmenos_shadow_blocks, first_ration,
          lightli_ossuary_entry_decrepit_ruins, cheibrodos_worm_habitat,
          uniq_blork_the_orc
D:6:      layout_gridville, serial_shops, shop, nicolae_shop_overgrown_old_shop,
          nicolae_shop_statue_plus, nicolae_shop_waterfront,
          nicolae_shop_behind_doors, minmay_three_doors
D:7:      layout_loops_cross, chequers_temple_overflow_statue_of_worship
D:8:      layout_gridville, st_stairs_14, uniq_joseph
D:9:      layout_layer_cave, lemuel_round_altar, orc_0_dummy, minmay_between
D:10:     layout_cave_pools, dpeg_lair_monsters, grunt_ogre_cave, uniq_nergalle,
          uniq_maurice
Temple:   dpeg_chambers_temple

Skill      XL: |  1  2  3  4  5  6  7  8  9 |
---------------+----------------------------+-----
Fighting       | 3 4 5 6 |  6.2
Axes           | 3 4 5 6 8 9 |  9.8
Armour         | 4 5 6 7 |  7.4
Shields        | 4 5 6 7 |  7.4
Invocations    | 1 3 4 6 |  6.8

Action                   |  1- 3 |  4- 6 |  7- 9 | 10-12 || total
-------------------------+-------+-------+-------+-------++-------
Melee: War axe           |    56 |   122 |   169 |       ||   347
       Broad axe         |       |       |   343 |     7 ||   350
 Abil: Heal Wounds       |     1 |     3 |    20 |     2 ||    26
  Use: Scroll            |       |       |    12 |       ||    12
  Eat: Chunk             |       |     1 |    14 |       ||    15
Armor: Scale mail        |    27 |     9 |       |       ||    36
       Chain mail        |       |    46 |   323 |    16 ||   385
Dodge: Dodged            |    17 |    25 |   140 |     3 ||   185
Block: Kite shield       |    33 |    72 |   320 |     4 ||   429

Table legend:
 A = Non-vault XP
 B = Vault XP
 C = Vault XP percentage of total XP
 D = Non-vault monster count
 E = Vault monster count
 F = Vault count percentage of total count
                 A         B        C        D         E       F
            +---------+---------+-------+---------+---------+-------
      Total |    4667 |    1426 |  23.4 |     139 |      22 |  13.7
            +---------+---------+-------+---------+---------+-------
        D:1 |      35 |       0 |   0.0 |       9 |       0 |   0.0
        D:2 |       0 |      16 | 100.0 |       0 |       3 | 100.0
        D:3 |     218 |     272 |  55.5 |      22 |       1 |   4.3
        D:4 |      94 |       6 |   6.0 |       8 |       3 |  27.3
        D:5 |     894 |     105 |  10.5 |      28 |       2 |   6.7
        D:6 |      77 |     198 |  72.0 |       7 |       3 |  30.0
        D:7 |     775 |       0 |   0.0 |      18 |       0 |   0.0
        D:8 |     602 |     448 |  42.7 |      22 |       2 |   8.3
        D:9 |    1845 |     380 |  17.1 |      24 |       7 |  22.6
       D:10 |     127 |       0 |   0.0 |       1 |       0 |   0.0
      Sewer |       0 |       1 | 100.0 |       0 |       1 | 100.0
            +---------+---------+-------+---------+---------+-------
